 Dungeon Crawl Stone Soup version 0.31.0-4-g52a2dc7128 (webtiles) character file.

Game seed: 2650433085943102757

814 Strat the Cutter (level 7, -5/37 HPs)
             Began as a Vine Stalker Necromancer on Jan 22, 2024.
             Slain by an orc
             ... wielding a +0 flail
              (8 damage)
             ... on level 6 of the Dungeon.
             The game lasted 00:07:43 (3774 turns).

Strat the Cutter (Vine Stalker Necromancer)         Turns: 3774, Time: 00:07:43

Health: -5/37      AC:  2    Str: 11    XL:     7   Next: 93%
Magic:  0/11       EV: 12    Int: 15    God:
Gold:   217        SH:  0    Dex: 16    Spells: 10/10 levels left

rFire   . . .        a - +2 short sword (speed)
rCold   . . .        (no shield)
rNeg    . . .        r - +0 robe
rPois   .            (helmet currently unavailable)
rElec   .            j - melded +2 cloak {Stlth+}
rCorr   .            (gloves currently unavailable)
SInv    .            (boots currently unavailable)
Will    .....        (no amulet)
Stlth   ++           (no ring)
HPRegen 1.06/turn    (no ring)
MPRegen 0.12/turn

%: guardian spirit
@: beast-form
A: beast (slay +0), fangs 2, regeneration 1, magic shield, antimagic bite, no
potion heal 2
a: Begin Untransformation


You were on level 6 of the Dungeon.
You were a hulking beast.
You visited 1 branch of the dungeon, and saw 6 of its levels.

You collected 217 gold pieces.

Inventory:

Hand Weapons
 a - a +2 short sword of speed (weapon)
 f - a +0 dagger
Armour
 j - a +2 cloak of stealth (melded)
 l - a +1 cloak of preservation
 o - a +2 robe of positive energy
 r - a +0 robe (worn)
Jewellery
 d - a ring of resist corrosion
 u - a +6 ring of intelligence
Talismans
 c - a beast talisman (active)
Wands
 q - a wand of flame (8)
 s - a wand of mindburst (16)
Scrolls
 e - a scroll of teleportation
 g - a scroll of fear
 h - a scroll of fog {unknown}
 m - 4 scrolls of identify
 n - 2 scrolls of brand weapon {unknown}
 t - a scroll of amnesia
Potions
 b - a potion of magic
 i - 3 potions of haste
 k - a potion of brilliance
 p - a potion of curing {unknown}


   Skills:
 - Level 4.1 Fighting
 + Level 6.4 Short Blades
 - Level 1.5 Dodging
 - Level 2.4 Stealth
 - Level 2.1 Spellcasting
 - Level 4.0 Necromancy


You had 10 spell levels left.
You didn't know any spells.
Your spell library contained the following spells:

 Spells                   Type           Power      Damage    Failure   Level
 Necrotise                Necr           52%        1d6       4%          1
 Vampiric Draining        Necr           13%        2d6       13%         3
 Animate Dead             Necr           13%        N/A       38%         4
 Hailstorm                Conj/Ice       1%         3d5       54%         3
 Summon Ice Beast         Ice/Summ       1%         N/A       54%         3
 Curse of Agony           Necr           13%        N/A       75%         5
 Sculpt Simulacrum        Ice/Alch       0%         N/A       100%        6


Dungeon Overview and Level Annotations

Branches:
Dungeon (6/15)
 Temple: D:4-7

Altars:
Ashenzari
Qazlal
Trog
Vehumet

Annotations:
D:3 3 runed translucent doors, Esekla's ghost, amateur DsWr
D:5 Pikel


Innate Abilities, Weirdness & Mutations

You are a hulking beast.
Your limbs bulge with bestial killing power. (Slay +0)
You have extremely sharp teeth.
Your natural rate of healing is unusually fast.
When hurt, damage is shared between your health and your magic reserves.
Your bite disrupts and absorbs the magic of your enemies.
Potions cannot restore your health.


Message History

The orc barely misses you. The orc hits you with a +0 club.
* * * LOW HITPOINT WARNING * * *
Things that are here:
a +0 dagger; a +0 robe; an orc corpse You hit the centaur.
The centaur is lightly wounded.
The centaur misses you. The centaur barely misses you.
You hit the centaur. You bite the centaur. You drain its power.
You feel invigorated.
The centaur is heavily wounded.
The orc hits you with a +0 flail!
* * * LOW HITPOINT WARNING * * *
The orc closely misses you. The centaur barely misses you.
The centaur kicks you but does no damage.
You hit the centaur.
The centaur is heavily wounded.
The centaur hits you but does no damage.
The centaur closely misses you.
You hit the centaur but do no damage. You bite the centaur.
You drain its power.
You feel invigorated.
The centaur is severely wounded.
The orc hits you with a +0 flail.
* * * LOW HITPOINT WARNING * * *
The orc hits you with a +0 club.
* * * LOW HITPOINT WARNING * * *
You hit the centaur but do no damage. You bite the centaur.
You kill the centaur!
The orc hits you with a +0 flail!
* * * LOW HITPOINT WARNING * * *
The orc hits you with a +0 club.
* * * LOW HITPOINT WARNING * * *
Things that are here:
a +0 orcbow; a centaur corpse The orc hits you with a +0 flail!
* * * LOW HITPOINT WARNING * * *
Unknown command.
You hit the orc.
The orc is lightly wounded.
The orc hits you with a +0 flail!
You die...

#.....# ###
#.....##..#
#..........
#........ #.......
#.....#
#....<######+##..#
#.......)oh......#
#........o.......'
##...............#
##)..............#
#.<..............#
#.....##..##.##..#
##....##### .# ###
#........ ..
#.........


You could see 2 orcs.

Vanquished Creatures
  2 black bears
  An ogre (D:5)
  A centaur (D:6)
  2 lemures (D:5)
  2 howler monkeys (D:5)
  A hound (D:5)
  2 jellies
  Jessica (D:3)
  2 iguanas
  2 orc wizards
  5 gnolls
  4 adders
  3 dart slugs
  A ribbon worm (D:4)
  3 orcs
  6 ball pythons
  10 endoplasms
  3 giant cockroaches
  A goblin (D:3)
  10 hobgoblins
  3 jackals (D:1)
  3 kobolds
  3 quokkas
  4 bats
  4 frilled lizards
  6 rats
85 creatures vanquished.

Notes
Turn   | Place    | Note
-------+----------+-------------------------------------------
     0 | D:1      | Strat the Vine Stalker Necromancer began the quest for the
                  | Orb.
     0 | D:1      | Reached XP level 1. HP: 9/9 MP: 4/4
    86 | D:1      | Reached skill level 1 in Fighting
   167 | D:1      | Reached XP level 2. HP: 13/14 MP: 6/6
   878 | D:2      | Reached XP level 3. HP: 18/18 MP: 7/7
  1399 | D:3      | Found a radiant altar of Vehumet.
  1433 | D:3      | Noticed Jessica
  1449 | D:3      | Killed Jessica
  1450 | D:3      | Reached XP level 4. HP: 20/24 MP: 6/8
  1627 | D:3      | Reached XP level 5. HP: 27/29 MP: 7/9
  1717 | D:3      | Found a runed translucent gate.
  1774 | D:3      | Found a runed translucent gate.
  1774 | D:3      | Found a runed translucent gate.
  1776 | D:3      | Noticed a kobold brigand
  1776 | D:3      | Noticed Esekla's ghost (amateur DsWr)
  1810 | D:3      | Found a broken altar of Ashenzari.
  1922 | D:3      | Reached skill level 1 in Short Blades
  2682 | D:4      | Reached skill level 2 in Short Blades
  2704 | D:4      | Found a bloodstained altar of Trog.
  3000 | D:4      | Reached XP level 6. HP: 33/33 MP: 10/10
  3066 | D:4      | Found a stormy altar of Qazlal.
  3279 | D:5      | Entered Level 5 of the Dungeon
  3284 | D:5      | Noticed a black bear
  3312 | D:5      | Reached skill level 3 in Short Blades
  3317 | D:5      | Killed a black bear
  3455 | D:5      | Noticed Pikel
  3513 | D:5      | Reached skill level 4 in Short Blades
  3513 | D:5      | Reached XP level 7. HP: 32/37 MP: 9/11
  3647 | D:5      | Reached skill level 5 in Short Blades
  3763 | D:6      | Reached skill level 6 in Short Blades
  3774 | D:6      | Slain by an orc

Illustrated notes

Levels and vault maps discovered:
D:1:      minmay_arrival_three_doors, layout_basic
D:2:      layout_basic, minmay_indecisive_spiral
D:3:      layout_loops_cross, nicolae_ashenzari_panopticon,
          nicolae_vehumet_altar_sigil, gammafunk_ghost_nasty_kobolds,
          st_stairs_10, uniq_jessica
D:4:      layout_basic, mainiacjoe_overflow_alcove_4, lemuel_doored_altar,
          due_unseen_surprise
D:5:      layout_basic, general_overflow_altar, serial_shops, shop,
          grunt_ministairs_6, moated_statue, uniq_pikel, uniq_duvessa
D:6:      layout_gridville, nicolae_evil_shop

Skill      XL: |  1  2  3  4  5  6  7 |
---------------+----------------------+-----
Fighting       | 1 2 3 4 |  4.1
Short Blades   | 2 4 6 |  6.4
Dodging        | |  1.5
Stealth        | |  2.4
Spellcasting   | |  2.1
Necromancy     | |  4.0

Action                     |  1- 3 |  4- 6 |  7- 9 || total
---------------------------+-------+-------+-------++-------
  Melee: Unarmed           |    28 |       |       ||    28
         Bite              |    41 |    47 |    26 ||   114
         Dagger            |   114 |    31 |       ||   145
         Punch             |       |     4 |     1 ||     5
         Short sword       |       |   114 |    94 ||   208
  Evoke: Wand              |       |    11 |       ||    11
    Use: Scroll            |       |     8 |       ||     8
   Stab: Sleeping          |     3 |     5 |       ||     8
 Armour: Robe              |    70 |    76 |    52 ||   198
  Dodge: Dodged            |   114 |    73 |    51 ||   238
   Form: Beast             |     2 |       |       ||     2
                           |     1 |       |       ||     1
